 Dungeon Crawl Stone Soup version 0.16-a0-3939-g9a3e665 (webtiles) character file.

26529 abixa the Martial Artist (level 13, -3/66 HPs)
             Began as a Vine Stalker Transmuter on Feb 6, 2015.
             Was a High Priest of Dithmenos.
             Slain by an orc warrior
             ... wielding a +2 trident of freezing
             ... led by an orc warlord
              (15 damage)
             ... on level 3 of the Orcish Mines.
             The game lasted 01:40:51 (18260 turns).

abixa the Martial Artist (Vine Stalker Transmuter) Turns: 18260, Time: 01:40:51

Health: -3/66      AC:  5    Str: 13    XL:     13   Next: 26%
Magic:  0/45       EV: 16    Int: 17    God:    Dithmenos [*****.]
Gold:   1427       SH:  0    Dex: 16    Spells: 5 memorised, 7 levels left

rFire  . . .     SeeInvis .       - Unarmed
rCold  . . .     Clarity  .     W - +1 robe {MR+}
rNeg   . . .     SustAb   .     (shield currently unavailable)
rPois  .         Gourm    .     p - +0 hat {MR+}
rElec  .         Spirit   +     c - +1 cloak
rCorr  .         Warding  .     (gloves currently unavailable)
rMut   .         Stasis   .     (no boots)
MR     +++..                    y - amulet of regeneration
Stlth  +++++.....               e - ring of magical power
                                L - ring of magical power

@: blade hands, wreathed by umbra, extremely resistant to hostile enchantments,
quite stealthy
A: fangs 3, regeneration 3, magic shield, antimagic bite, no device heal 3, rot
immunity
a: End Transformation, Shadow Step, Shadow Form, Renounce Religion


You were on level 3 of the Orcish Mines.
You worshipped Dithmenos.
Dithmenos was extremely pleased with you.
You were very hungry.
You had blades for hands.
You visited 4 branches of the dungeon, and saw 18 of its levels.

You collected 1427 gold pieces.

Inventory:

Hand weapons
 E - a +0 blowgun
Missiles
 f - 23 arrows of flame
 g - 71 arrows
 h - 6 curare-tipped needles
 k - 40 poisoned needles
 m - 77 stones (quivered)
 G - 10 arrows of frost
Armour
 c - a +1 cloak (worn)
 p - a +0 hat of magic resistance (worn)
 W - a +1 robe of magic resistance (worn)
Jewellery
 e - a ring of magical power (right scythe-like blade)
 l - an uncursed ring of flight
 q - an uncursed ring of teleportation
 y - an amulet of regeneration (around neck)
 H - a +3 ring of protection
 L - a ring of magical power (left scythe-like blade)
Magical devices
 b - a wand of frost (35)
 T - a wand of magic darts (19)
Scrolls
 d - a scroll of summoning
 i - 6 scrolls of remove curse
 n - a scroll of amnesia
 o - 3 scrolls of teleportation
 P - 6 scrolls of magic mapping
Potions
 r - a potion of degeneration {unknown}
 s - a potion of magic {unknown}
 v - 2 potions of curing
 z - a potion of brilliance {unknown}
 C - a potion of invisibility
 R - 2 potions of berserk rage {unknown}
 Z - a potion of ambrosia {unknown}
Comestibles
 j - 10 bread rations
 X - 19 fruits


   Skills:
 + Level 6.9 Fighting
 + Level 6.7 Dodging
 + Level 4.5 Stealth
 - Level 13.6 Unarmed Combat
 - Level 5.0 Spellcasting
 - Level 12.5 Transmutations


You had 7 spell levels left.
You knew the following spells:

 Your Spells              Type           Power        Failure   Level  Hunger
a - Beastly Appendage     Trmt           #####.       8%          1    None
b - Sticks to Snakes      Trmt           #####.....   8%          2    #......
c - Spider Form           Trmt/Pois      ####......   28%         3    ###....
d - Ice Form              Ice/Trmt       ####....     50%         4    ####...
e - Blade Hands           Trmt           #####.....   24%         5    ######.


Dungeon Overview and Level Annotations

Branches:
Dungeon (10/15)            Temple (1/1) D:6            Lair (4/8) D:10
 Spider (0/5) Lair:3          Orc (3/4) D:10
  Swamp: Lair:3-6    Shoals: Lair:3-6       Elf: Orc:3-4

Altars:
Ashenzari
Cheibriados
Dithmenos
Elyvilon
Fedhas
Gozag
Kikubaaqudgha
Makhleb
Nemelex Xobeh
Okawaru
Qazlal
Ru
Sif Muna
Trog
Vehumet
Xom
Yredelemnul
Zin
The Shining One
Beogh


Innate Abilities, Weirdness & Mutations

You have razor-sharp teeth.
You regenerate.
When hurt, damage is shared between your health and your magic reserves.
Your bite disrupts and absorbs the magic of your enemies.
Potions and wands cannot restore your health.
You are immune to rotting.


Message History

Your hands turn into razor-sharp scythe blades.
The orc warlord misses you.
You are feeling very hungry.
You hit the orc warlord but do no damage.
The orc warlord is heavily wounded.
The orc warlord hits you with a dire flail!
You slash the orc warlord!
You bite the orc warlord, but do no damage.
The orc warlord is heavily wounded.
The orc warlord hits you with a dire flail!
You slice the orc warlord!!
You bite the orc warlord, but do no damage.
The orc warlord is severely wounded.
You hit the orc warlord but do no damage.
The orc warlord is severely wounded.
The orc warrior hits you with a long sword!!
The orc warlord hits you with a dire flail!!
* * * LOW HITPOINT WARNING * * *
The orc warrior hits you from afar with a trident of freezing!!
You die...

.............. .#.. # #.
.................. .#.# #.
..#..................... ####.
....................#.. ###..##
.......................###.##...
.....#..............##.##>.......
..#......)<>.........#........#.#.
..........)..........##......o..##.
.......#.........@o..#..o.o........
..................o.###....#..#.##.
........#..........o.#.##......###.
##......#............o...#.....# ..
#..................................
##.##....................#......#..
#.....................).##.......
##...............#)#...))........
#........#.....รทรท..#..[<#....#..


You could see an orc warlord and 3 orc warriors.

Vanquished Creatures
  Gastronok (Orc:2)
  2 hydras
  Erica (Orc:2)
  Erolcha (Orc:1)
  A catoblepas (Lair:4)
  An unseen horror (D:10)
  The ghost of emiel the Chiller, an experienced OpIE of Cheibriados (D:8)
  The ghost of emiel the Transmogrifier, an experienced OpTm of Cheibriados (D:6)
  The ghost of abixa the Grappler, an experienced VSTm of Dithmenos (D:9)
  A hill giant (D:7)
  An orc knight (Orc:2)
  3 elephants (Lair:4)
  Maurice (Orc:1)
  4 black mambas
  A gargoyle (D:10)
  5 spiny frogs
  3 trolls
  3 komodo dragons
  3 blink frogs (Lair:1)
  A two-headed ogre (D:8)
  4 trapdoor spiders (Lair:3)
  17 yaks
  8 wyverns
  A deep elf mage (D:10)
  A wolf (Lair:2)
  3 hippogriffs
  A steam dragon (Lair:4)
  Edmund (D:7)
  3 wargs
  A mottled dragon (D:9)
  5 water moccasins
  A porcupine (Lair:1)
  A necrophage (D:10)
  5 sky beasts
  A centaur (D:5)
  An ice beast (D:5)
  A black bear (D:7)
  10 orc warriors
  A phantom (D:4)
  5 ogres
  Sigmund (D:7)
  7 crocodiles
  4 big kobolds
  Blork the orc (D:7)
  A gnoll sergeant (D:10)
  4 giant frogs
  A wyvern skeleton (D:7)
  8 killer bees (D:10)
  2 giant frog zombies (D:8)
  2 goliath beetles
  2 crimson imps (D:7)
  16 orc priests
  5 jellies
  A centaur zombie (D:5)
  5 iguanas
  5 hounds
  A centaur skeleton (D:5)
  17 orc wizards
  5 worker ants
  A killer bee zombie (D:10)
  2 sheep (D:8)
  A hound zombie (D:5)
  A mummy (D:9)
  6 gnolls
  16 adders
  A worm (D:3)
  3 giant mites
  A shadow imp (D:8)
  An adder zombie (D:7)
  2 giant geckos
  144 orcs
  10 ball pythons
  A bat skeleton (D:4)
  12 giant cockroaches
  24 goblins
  14 hobgoblins
  14 jackals
  11 quokkas
  A ball python skeleton (D:5)
  15 bats
  4 giant newts
  2 giant spores
  32 kobolds
  A quokka skeleton (D:5)
  34 rats
  11 ballistomycetes
560 creatures vanquished.

Vanquished Creatures (collateral kills)
  A two-headed ogre (D:9)
  A yak (D:8)
  A centaur (D:9)
  3 killer bees (D:10)
  A quasit (D:9)
  An adder zombie (D:9)
  An orc (D:9)
9 creatures vanquished.

Grand Total: 569 creatures vanquished

Notes
Turn   | Place    | Note
--------------------------------------------------------------
     0 | D:1      | abixa, the Vine Stalker Transmuter, began the quest for the Orb.
     0 | D:1      | Reached XP level 1. HP: 9/9 MP: 3/3
   186 | D:1      | Reached XP level 2. HP: 14/14 MP: 3/5
   200 | D:1      | Learned a level 2 spell: Sticks to Snakes
   493 | D:1      | Reached skill level 4 in Unarmed Combat
   771 | D:1      | Reached XP level 3. HP: 17/17 MP: 5/7
  1499 | D:2      | Reached XP level 4. HP: 18/21 MP: 5/8
  1722 | D:2      | Reached skill level 5 in Unarmed Combat
  2160 | D:3      | Found a deep blue altar of Sif Muna.
  2501 | D:4      | Noticed an ogre
  2645 | D:4      | Reached XP level 5. HP: 25/25 MP: 11/11
  2932 | D:4      | Noticed emiel's ghost (experienced OpTm)
  2959 | D:4      | Gained mutation: You heal very quickly. [vine stalker growth]
  2959 | D:4      | Reached XP level 6. HP: 29/29 MP: 7/12
  2966 | D:4      | Learned a level 5 spell: Blade Hands
  3137 | D:4      | Reached skill level 6 in Unarmed Combat
  3318 | D:4      | Noticed a phantom
  3338 | D:4      | Killed a phantom
  3474 | D:4      | Killed an ogre
  3474 | D:4      | Reached XP level 7. HP: 26/32 MP: 9/14
  4019 | D:5      | Entered Level 5 of the Dungeon
  4222 | D:5      | Found a sacrificial altar of Ru.
  4308 | D:5      | Reached skill level 7 in Unarmed Combat
  4308 | D:5      | Reached skill level 5 in Transmutations
  4577 | D:5      | Gained mutation: You have razor-sharp teeth. [vine stalker growth]
  4577 | D:5      | Reached XP level 8. HP: 27/37 MP: 12/16
  4824 | D:5      | Got a brightly glowing robe
  4835 | D:5      | Identified the +0 robe of Wean {Str+4} (You found it on level 5 of the Dungeon)
  5324 | D:6      | Noticed emiel's ghost (experienced OpTm)
  5793 | D:6      | Reached skill level 8 in Unarmed Combat
  5827 | D:6      | Found a staircase to the Ecumenical Temple.
  5833 | Temple   | Entered the Ecumenical Temple
  5936 | Temple   | Became a worshipper of Dithmenos the Shadowed
  6341 | D:7      | Noticed Blork the orc
  6377 | D:7      | Killed Blork the orc
  6505 | D:7      | Noticed Edmund
  6545 | D:7      | Killed Edmund
  6545 | D:7      | Reached XP level 9. HP: 23/40 MP: 13/19
  6637 | D:7      | Noticed a hill giant
  6815 | D:7      | Killed a hill giant
  6815 | D:7      | Reached skill level 9 in Unarmed Combat
  6967 | D:7      | Got an opal-encrusted scale mail
  6974 | D:7      | Noticed Sigmund
  6993 | D:7      | Killed Sigmund
  7542 | D:8      | Found Hofuz's Food Shoppe.
  7681 | D:8      | Reached skill level 10 in Unarmed Combat
  7713 | D:8      | Noticed a three-headed hydra
  7804 | D:7      | Learned a level 3 spell: Spider Form
  8165 | D:8      | Reached XP level 10. HP: 44/44 MP: 20/20
  8514 | D:8      | Noticed emiel's ghost (experienced OpIE)
  8531 | D:7      | Learned a level 4 spell: Ice Form
  8637 | D:6      | Killed emiel's ghost
  8637 | D:6      | Reached skill level 10 in Transmutations
  8722 | D:8      | Killed a three-headed hydra
  8722 | D:8      | Reached skill level 11 in Unarmed Combat
  8867 | D:8      | Killed emiel's ghost
  9144 | D:8      | Acquired Dithmenos' first power
  9509 | D:9      | Noticed abixa's ghost (experienced VSTm)
  9568 | D:9      | Killed abixa's ghost
  9712 | D:9      | Reached XP level 11. HP: 29/48 MP: 22/22
  9905 | D:9      | Reached skill level 12 in Unarmed Combat
 10593 | D:10     | Entered Level 10 of the Dungeon
 10632 | D:10     | HP: 1/48 [something (7)]
 10645 | D:10     | Killed an unseen horror
 11586 | D:10     | Found a staircase to the Lair.
 11610 | D:10     | Acquired Dithmenos' second power
 11610 | D:10     | Reached skill level 1 in Fighting
 11871 | D:10     | Found a roughly hewn altar of Beogh.
 11976 | D:10     | Found a staircase to the Orcish Mines.
 12008 | D:10     | Identified the +3 scale mail "Lucveizi" {rF+ rC+ Int-3} (You found it on level 7 of the Dungeon)
 12655 | Lair:1   | Entered Level 1 of the Lair of Beasts
 13534 | Lair:1   | Reached skill level 13 in Unarmed Combat
 13921 | Lair:2   | Gained mutation: You regenerate. [vine stalker growth]
 13921 | Lair:2   | Reached XP level 12. HP: 42/56 MP: 19/25
 13936 | Lair:2   | Acquired Dithmenos' third power
 14561 | Lair:3   | Found a hole to the Spider Nest.
 14663 | Lair:3   | Noticed a six-headed hydra
 14709 | Lair:3   | Reached skill level 5 in Spellcasting
 14845 | Lair:3   | Killed a six-headed hydra
 15560 | Lair:4   | Noticed a six-headed hydra
 15820 | Lair:4   | Reached skill level 5 in Dodging
 15966 | Lair:4   | Reached skill level 5 in Fighting
 16533 | Orc:1    | Entered Level 1 of the Orcish Mines
 16543 | Orc:1    | Noticed Erolcha
 16575 | Orc:1    | Killed Erolcha
 16683 | Orc:1    | Acquired Dithmenos' fourth power
 17087 | Orc:2    | Noticed Gastronok
 17087 | Orc:2    | Noticed Maurice
 17147 | Orc:1    | Killed Maurice
 17147 | Orc:1    | Reached skill level 1 in Stealth
 17147 | Orc:1    | Reached XP level 13. HP: 50/65 MP: 24/27
 17183 | Orc:2    | Killed Gastronok
 17459 | Orc:2    | Found a radiant altar of Vehumet.
 17507 | Orc:2    | Noticed Erica
 17599 | Orc:2    | Killed Erica
 18206 | Orc:3    | Noticed an orc warlord
 18260 | Orc:3    | Slain by an orc warrior

Action                   |  1- 3 |  4- 6 |  7- 9 | 10-12 | 13-15 || total
-------------------------+-------+-------+-------+-------+-------++-------
Melee: Unarmed           |   101 |   201 |   370 |   873 |   221 ||  1766
 Fire: Hunting sling     |     9 |     3 |     2 |       |       ||    14
       Blowgun           |       |     3 |    32 |       |       ||    35
Throw: Stone             |       |       |    12 |    11 |       ||    23
 Cast: Beastly Appendage |    27 |    14 |    29 |    52 |     8 ||   130
       Sticks to Snakes  |       |     5 |     8 |    15 |       ||    28
       Blade Hands       |       |       |     2 |     4 |     1 ||     7
       Ice Form          |       |       |       |    20 |       ||    20
       Spider Form       |       |       |       |    11 |    10 ||    21
 Abil: End Transformatio |       |       |       |     1 |       ||     1
  Use: Scroll            |       |     1 |    11 |    15 |       ||    27
       Potion            |       |       |       |     1 |       ||     1
 Stab: Distracted        |     1 |       |     1 |     1 |       ||     3
       Sleeping          |       |       |     3 |     1 |     2 ||     6
       Invisible         |       |       |       |     7 |       ||     7
  Eat: Chunk             |     3 |     7 |    18 |    41 |     5 ||    74
